 Dungeon Crawl Stone Soup version 0.28-a0-305-g9e858e973b (webtiles) character file.

Game seed: 6679978269186686100

475 timneilson the Shield-Bearer (level 7, -3/44 HPs)
             Began as a Gargoyle Fighter on Aug 29, 2021.
             Killed by divine providence
             ... invoked by an orc priest
              (11 damage)
             ... on level 5 of the Dungeon.
             The game lasted 00:05:03 (4318 turns).

timneilson the Shield-Bearer (Gargoyle Fighter)     Turns: 4318, Time: 00:05:04

Health: -3/44      AC: 15    Str: 22    XL:     7   Next: 10%
Magic:  7/7        EV:  7    Int:  8    God:
Gold:   142        SH:  9    Dex:  9    Spells: 6/6 levels left

rFire   . . .      SeeInvis .   n - +1 scimitar
rCold   . . .      Faith    .   c - +1 kite shield
rNeg    + . .      Spirit   .   b - +0 scale mail
rPois   ∞          Reflect  .   f - +2 helmet
rElec   +          Harm     .   (no cloak)
rCorr   .          Rampage  .   (no gloves)
Will    .....                   (no boots)
Stlth   ..........              (no amulet)
HPRegen 0.14/turn               (no ring)
MPRegen 0.10/turn               (no ring)

@: studying Staves
A: sickness immunity, AC +4, negative energy resistance 1, electricity
resistance, torment resistance 1, petrification resistance
a: no special abilities


You were on level 5 of the Dungeon.
You visited 1 branch of the dungeon, and saw 5 of its levels.

You collected 142 gold pieces.

Inventory:

Hand Weapons
 a - a +0 long sword
 n - a +1 scimitar (weapon)
Armour
 b - a +0 scale mail (worn)
 c - a +1 kite shield (worn)
 f - a +2 helmet (worn)
Wands
 g - a wand of acid (8)
Scrolls
 e - 2 scrolls of teleportation
Potions
 d - a potion of might
 h - a potion of berserk rage
 i - 2 potions of heal wounds
 j - a potion of haste
 k - a potion of mutation {unknown}
 l - a potion of flight
 p - a potion of curing {unknown}


   Skills:
 + Level 4.4 Fighting
 * Level 3.8 Long Blades
 * Level 5.3 Armour
 * Level 5.3 Shields


You had 6 spell levels left.
You didn't know any spells.
Your spell library contained the following spells:

 Spells                   Type           Power      Damage    Failure   Level
 Wereblood                Tmut           0%         N/A       99%         2
 Gell's Gravitas          Tloc           0%         N/A       100%        3
 Lesser Beckoning         Tloc           0%         N/A       100%        3
 Teleport Other           Tloc           0%         N/A       100%        3
 Summon Hydra             Summ           0%         N/A       100%        7
 Sublimation of Blood     Necr           Unusable   N/A       N/A         2

Dungeon Overview and Level Annotations

Branches:
Dungeon (5/15)
 Temple: D:4-7

Altars:

Shops:
D:1 *


Innate Abilities, Weirdness & Mutations

You are immune to sickness and miasma.
Your stone body is resilient. (AC +4)
You are immune to poison.
You resist negative energy. (rN+)
You are resistant to electric shocks. (rElec)
You are resistant to unholy torment.
You are immune to petrification.


Message History

The phantom hits you but does no damage.
The orc barely misses you.
You closely miss the orc.
The phantom hits you but does no damage.
The orc closely misses you. The phantom closely misses you.
The orc hits you but does no damage.
You slash the orc!
You kill the orc!
You block the phantom's attack.
You barely miss the phantom.
The phantom is heavily damaged.
The phantom hits you but does no damage. x2
You hit the phantom.
The phantom is heavily damaged.
You block the phantom's attack.
You slash the phantom!
The phantom is almost destroyed.
The phantom hits you but does no damage.
The phantom barely misses you.
You miss the phantom.
The phantom is almost destroyed.
The phantom hits you.
You slash the phantom!
You destroy the phantom!
You have reached level 7!
An orc comes into view. It is wielding a +0 hand axe.
The orc shouts!
An orc comes into view. It is wielding a +0 short sword.
Items here: )) [ †.
The orc shouts!
An orc priest comes into view. It is wielding a +0 short sword.
The orc priest shouts!
You hear a shout!
An orc priest comes into view. It is wielding a +0 club.
You barely miss the orc. You block the orc's attack.
The orc priest invokes the aid of Beogh against you.
Beogh smites you!
* * * LOW HITPOINT WARNING * * *
The orc priest mumbles some strange prayers to Beogh against you.
Beogh smites you!
You die...

....... ....... .......
#.. ###.o..... ##..#
###..)..# ######...##
###.....#
###.........###......##
#...........#..)o..###
...............@.o##
.................##
#.............###
#...........##
#.........###
##........# #........#
##.......# #..<....#


You could see an orc priest and 2 orcs.

Vanquished Creatures
  Sigmund (D:2)
  A centaur (D:3)
  A phantom (D:5)
  A hound (D:4)
  An iguana (D:4)
  3 adders
  A white imp (D:5)
  An ufetubus (D:5)
  2 worms (D:4)
  3 dart slugs
  6 orcs
  4 endoplasms
  6 giant cockroaches
  6 hobgoblins
  4 jackals (D:2)
  2 quokkas
  A ball python (D:3)
  2 frilled lizards
  7 goblins
  A kobold (D:2)
  4 rats
58 creatures vanquished.

Notes
Turn   | Place    | Note
-------+----------+-------------------------------------------
     0 | D:1      | timneilson the Gargoyle Fighter began the quest for the
                  | Orb.
     0 | D:1      | Reached XP level 1. HP: 14/14 MP: 1/1
    51 | D:1      | Noticed a shining eye
    52 | D:1      | Found a faded altar of an unknown god.
    67 | D:1      | Noticed a golden eye
    68 | D:1      | Noticed an eye of devastation
    68 | D:1      | Noticed an eye of devastation
   615 | D:1      | Reached XP level 2. HP: 19/19 MP: 2/2
   687 | D:1      | Found Hyesirch's Assorted Antiques.
  1541 | D:2      | Noticed Sigmund
  1555 | D:2      | Killed Sigmund
  1556 | D:2      | Reached XP level 3. HP: 10/24 MP: 3/3
  1556 | D:2      | Reached XP level 4. HP: 12/29 MP: 4/4
  1556 | D:2      | Reached XP level 5. HP: 14/33 MP: 5/5
  3149 | D:3      | Noticed a centaur
  3158 | D:3      | Killed a centaur
  3159 | D:3      | Reached XP level 6. HP: 38/38 MP: 6/6
  3406 | D:4      | Reached skill level 5 in Shields
  3632 | D:4      | Reached skill level 5 in Armour
  4180 | D:5      | Entered Level 5 of the Dungeon
  4295 | D:5      | Reached XP level 7. HP: 20/44 MP: 7/7
  4318 | D:5      | Killed from afar by an orc priest

Illustrated notes

Levels and vault maps discovered:
D:1:      dpeg_arrival_three_same_balls, layout_basic,
          hellmonk_ecumenical_altar_watching_god, serial_shops,
          nicolae_shop_overgrown_old_shop
D:2:      layout_basic, lightli_corner_chamber, uniq_sigmund
D:3:      layout_loops_corners
D:4:      layout_loops_ring, minmay_manual_mail
D:5:      layout_cave_pods, nzn_overflow_gifts_of_might_and_magic,
          mainiacjoe_overflow_24_doors, gammafunk_ghost_icy, serial_shops, shop

Skill      XL: |  1  2  3  4  5  6 |
---------------+-------------------+-----
Long Blades    | 2 3 |  3.8
Fighting       | 4 |  4.4
Armour         | 4 5 |  5.3
Shields        | 4 5 |  5.3

Action                   |  1- 3 |  4- 6 |  7- 9 || total
-------------------------+-------+-------+-------++-------
Melee: Long sword        |    54 |       |       ||    54
       Scimitar          |    19 |   145 |     1 ||   165
  Use: Potion            |     1 |       |       ||     1
       Scroll            |       |    10 |       ||    10
Armor: Scale mail        |    42 |   100 |       ||   142
Dodge: Dodged            |    16 |    51 |       ||    67
Block: Kite shield       |    31 |    74 |     1 ||   106

Table legend: (Time is in decaauts)
 A = Elapsed time spent in this place.
 B = Non-inter-level travel time spent in this place.
 C = Inter-level travel time spent in this place.
 D = Time resting spent in this place.
 E = Time spent auto-exploring this place.
 F = Levels seen in this place.
 G = Mean time per level.
                   A        B        C        D        E       F      G
               +--------+--------+--------+--------+--------+-----+--------+
         Total |   4419 |   4282 |    137 |      0 |   3598 |   5 |  883.8 |
       Dungeon |   4419 |   4282 |    137 |      0 |   3598 |   5 |  883.8 |
               +--------+--------+--------+--------+--------+-----+--------+

Top non-repeatable levels by time:
     D:1: 1541 daAuts
     D:2: 1054 daAuts
     D:3: 854 daAuts
     D:4: 817 daAuts
     D:5: 151 daAuts
